 Dungeon Crawl Stone Soup version 0.28.0 (webtiles) character file.

Game seed: 3773869180611691092

662 lonewolfV2 the Covered (level 7, 0/81 HPs)
             Began as a Demonspawn Fighter on Feb 10, 2022.
             Was an Initiate of Yredelemnul.
             Slain by Grinder (3 damage)
             ... on level 5 of the Dungeon.
             The game lasted 00:06:49 (5000 turns).

lonewolfV2 the Covered (Demonspawn Fighter)         Turns: 5000, Time: 00:06:49

Health: 0/81       AC: 23    Str: 18    XL:     7   Next: 30%
Magic:  7/7        EV:  2    Int: 16    God:    Yredelemnul [......]
Gold:   179        SH:  4    Dex: 12    Spells: 6/6 levels left

rFire   + . .      SeeInvis +   j - +2 spear "Viphoong" {freeze, rF+ rC+ SInv}
rCold   + . .      Faith    .   c - +0 buckler
rNeg    . . .      Spirit   .   (armour currently unavailable)
rPois   +          Reflect  .   (helmet currently unavailable)
rElec   .          Harm     .   (cloak currently unavailable)
rCorr   .          Rampage  .   (gloves currently unavailable)
Will    .....      NoTele   +   (boots currently unavailable)
Stlth   ++........              (no amulet)
HPRegen 0.23/turn               h - +6 ring of intelligence
MPRegen 0.10/turn               (no ring)

@: tree-form, hasted, very quick
A: stationary, stasis, torment immunity, boosted hp, (icy blue scales 1), ignite
blood 2, (weakness stinger 1)
a: Renounce Religion, Recall Undead Harvest


You were on level 5 of the Dungeon.
You worshipped Yredelemnul.
Yredelemnul was noncommittal.
You were a tree.
You visited 2 branches of the dungeon, and saw 6 of its levels.

You collected 179 gold pieces.

Inventory:

Hand Weapons
 a - a +0 war axe of electrocution
 j - the +2 spear "Viphoong" (weapon) {freeze, rF+ rC+ SInv}
   (You found it on level 3 of the Dungeon)

   It freezes those it strikes, dealing additional cold damage.
   It can also slow down cold-blooded creatures.
   rF:        It protects you from fire.
   rC:        It protects you from cold.
   SInv:      It lets you see invisible.
Armour
 b - a +0 scale mail (melded)
 c - a +0 buckler (worn)
Jewellery
 h - a +6 ring of intelligence (left branch)
Wands
 g - a wand of polymorph (10)
 k - a wand of flame (12)
Scrolls
 e - a scroll of blinking
 i - a scroll of magic mapping


   Skills:
 + Level 4.2 Fighting
 + Level 4.0(4.3) Axes
 + Level 2.1(3.4) Polearms
 + Level 4.7 Armour
 + Level 1.5 Dodging
 + Level 1.0 Stealth
 + Level 3.5 Shields


You had 6 spell levels left.
You didn't know any spells.
Your spell library contained the following spells:

 Spells                   Type           Power      Damage    Failure   Level
 Apportation              Tloc           0%         N/A       32%         1
 Beastly Appendage        Tmut           0%         N/A       32%         1
 Slow                     Hex            0%         N/A       32%         1
 Wereblood                Tmut           0%         N/A       45%         2
 Confusing Touch          Hex            0%         N/A       69%         3
 Spider Form              Tmut/Pois      0%         N/A       69%         3
 Vampiric Draining        Necr           0%         2d6       69%         3
 Alistair's Intoxication  Tmut/Pois      0%         N/A       100%        5


Dungeon Overview and Level Annotations

Branches:
Dungeon (5/15)             Temple (1/1) D:4

Altars:
Hepliaklqana
Kikubaaqudgha
Makhleb
Nemelex Xobeh
Okawaru
Ru
Sif Muna
Vehumet
Xom
Yredelemnul
Zin

Shops:
D:2 =

Annotations:
D:5 Grinder


Innate Abilities, Weirdness & Mutations

You are a tree.
Your roots penetrate the ground, keeping you stationary.
You cannot be teleported.
You are immune to unholy pain and torment.
Your maximum health is greatly increased.
Your equipment is partially melded.
((You are partially covered in icy blue scales. (AC +2)))
Your demonic aura often causes spilled blood to erupt in flames.
((You have a small tail.))


Message History

You hit Grinder but do no damage.
Grinder is severely wounded.
The orc hits you but does no damage. Grinder hits you but does no damage.
The orc hits you but does no damage.
The orc wizard hits you but does no damage.
The orc priest hits you but does no damage.
You hit Grinder but do no damage.
Grinder is severely wounded.
You block the orc's attack. Grinder hits you but does no damage.
You hit Grinder.
Grinder is severely wounded.
The orc wizard hits you but does no damage.
The orc hits you but does no damage.
The orc priest hits you but does no damage.
You closely miss Grinder.
Grinder is severely wounded.
The orc hits you but does no damage.
Grinder says, "Mostly I couldn't keep them alive."
Grinder hits you.
* * * LOW HITPOINT WARNING * * *
You writhe in agony.
* * * LOW HITPOINT WARNING * * *
The orc wizard hits you with a +0 dagger.
* * * LOW HITPOINT WARNING * * *
The orc hits you but does no damage.
You hit Grinder but do no damage.
Grinder is severely wounded.
The orc priest hits you but does no damage.
The orc hits you but does no damage. Grinder hits you but does no damage.
You hit Grinder.
Grinder is almost dead.
The orc hits you but does no damage. You block the orc wizard's attack.
The orc priest hits you but does no damage.
Unknown command.
You barely miss the orc priest. The orc hits you but does no damage.
Grinder hits you.
* * * LOW HITPOINT WARNING * * *
You writhe in agony.
You die...
Your body rises from the dead as a mindless zombie.

.... ......#...
....##.........
...............
............... ..
............... ...
....#o...#...
...#######.ooo#.....
.............o♣5......
.....#................
......................
.......#................
.......#.........≈≈§≈≈..
.....#.....#...≈≈≈≈§≈≈≈≈
...[.........≈≈≈≈≈≈≈≈≈≈≈
.....###.......§≈≈≈§≈≈≈≈
...............≈§≈≈≈≈≈≈≈


You could see Grinder, 2 orc priests, an orc wizard and 2 orcs.

Vanquished Creatures
  A troll (D:5)
  An orc warrior (D:4)
  A scorpion (D:4)
  Natasha (twice) (D:3)
  An iguana (D:4)
  3 orc wizards (D:3)
  6 adders
  4 worms
  3 dart slugs
  7 orcs
  4 endoplasms
  3 giant cockroaches
  5 goblins
  9 hobgoblins
  6 jackals
  7 ball pythons
  5 bats
  3 frilled lizards
  6 kobolds
  3 rats
80 creatures vanquished.

Notes
Turn   | Place    | Note
-------+----------+-------------------------------------------
     0 | D:1      | lonewolfV2 the Demonspawn Fighter began the quest for the
                  | Orb.
     0 | D:1      | Reached XP level 1. HP: 18/18 MP: 1/1
   220 | D:1      | Gained mutation: Your demonic aura sometimes causes spilled
                  | blood to erupt in flames. [demonic ancestry]
   220 | D:1      | Reached XP level 2. HP: 15/24 MP: 2/2
   458 | D:1      | Found a faded altar of an unknown god.
   961 | D:2      | Gained mutation: You have a small tail. [demonic ancestry]
   961 | D:2      | Reached XP level 3. HP: 27/29 MP: 3/3
  1419 | D:2      | Gained mutation: You are partially covered in icy blue
                  | scales. (AC +2) [demonic ancestry]
  1419 | D:2      | Reached XP level 4. HP: 35/35 MP: 4/4
  1609 | D:2      | Found Maasuilo's Jewellery Emporium.
  2208 | D:3      | Found an ancient bone altar of Kikubaaqudgha.
  2219 | D:3      | Found a radiant altar of Vehumet.
  2223 | D:3      | Gained mutation: Your demonic aura often causes spilled
                  | blood to erupt in flames. [demonic ancestry]
  2223 | D:3      | Reached XP level 5. HP: 41/41 MP: 5/5
  2232 | D:3      | Found a shimmering blue altar of Sif Muna.
  2681 | D:3      | Identified the +2 spear "Viphoong" {freeze, rF+ rC+ SInv}
  2970 | D:3      | Noticed Natasha
  2980 | D:3      | Killed Natasha
  3082 | D:3      | Noticed Natasha
  3100 | D:3      | Killed Natasha
  3503 | D:4      | Noticed an orc warrior
  3512 | D:4      | Killed an orc warrior
  3513 | D:4      | Reached skill level 1 in Polearms
  3513 | D:4      | Reached skill level 1 in Dodging
  3513 | D:4      | Reached XP level 6. HP: 19/48 MP: 6/6
  3905 | D:4      | Found a staircase to the Ecumenical Temple.
  3970 | Temple   | Entered the Ecumenical Temple
  4106 | Temple   | Became a worshipper of Yredelemnul the Dark
  4457 | D:5      | Entered Level 5 of the Dungeon
  4457 | D:5      | Noticed a troll
  4466 | D:5      | HP: 2/48 [troll (6)]
  4467 | D:5      | Killed a troll
  4468 | D:5      | Reached * piety under Yredelemnul
  4468 | D:5      | Reached skill level 1 in Stealth
  4468 | D:5      | Reached XP level 7. HP: 2/54 MP: 7/7
  4975 | D:5      | Noticed Grinder
  5000 | D:5      | HP: 3/81 [Grinder (3)]
  5000 | D:5      | Slain by Grinder

Illustrated notes

Levels and vault maps discovered:
D:1:      lemuel_arrival_cross, layout_loops_ring, ebering_ecumenical_altar_rust
D:2:      layout_rooms, serial_shops, shop, basic_altar
D:3:      layout_basic, palyth_temple_overflow_mages, kennysheep_doodads,
          uniq_natasha
D:4:      layout_rooms, minmay_temple_entry_arrows
D:5:      minmay_chambers_of_fours, layout_basic, minmay_door_square,
          lemuel_old_faithful, uniq_grinder
Temple:   kb_temple_of_zot

Skill      XL: |  1  2  3  4  5  6 |
---------------+-------------------+-----
Axes           | 2 3 4 |  4.0
Armour         | 3 4 |  4.7
Shields        | 3 |  3.5
Polearms       | 1 2 |  2.1
Dodging        | 1 |  1.5
Fighting       | 4 |  4.2
Stealth        | 1 |  1.0

Action                   |  1- 3 |  4- 6 |  7- 9 || total
-------------------------+-------+-------+-------++-------
Melee: War axe           |    73 |    74 |       ||   147
       Tailslap          |     6 |     8 |       ||    14
       Spear             |       |    52 |    20 ||    72
  Use: Scroll            |     5 |     3 |       ||     8
       Potion            |     1 |     2 |     2 ||     5
Armor: Scale mail        |    45 |    72 |     6 ||   123
       Skin              |       |       |    34 ||    34
Dodge: Dodged            |    47 |    69 |     9 ||   125
Block: Buckler           |    15 |    35 |     7 ||    57
